 Dungeon Crawl Stone Soup version 0.30.1-9-gdf580d7c3d (webtiles) character file.

Game seed: 18264511415820679959

11384 Danienth the Grappler (level 11, -3/109 HPs)
             Began as a Troll Fighter on Oct 21, 2023.
             Was an Elder of Wu Jian.
             Slain by an ettin
             ... wielding a +0 dire flail
              (16 damage)
             ... on level 12 of the Dungeon.
             The game lasted 00:42:28 (10373 turns).

Danienth the Grappler (Troll Fighter)              Turns: 10373, Time: 00:42:30

Health: -3/109     AC: 12    Str: 28    XL:     11   Next: 48%
Magic:  10/10      EV: 11    Int: 12    God:    Wu Jian [****..]
Gold:   709        SH: 16    Dex: 15    Spells: 11/11 levels left

rFire   + .          .
                       - Unarmed
rCold   . . .        b - +1 kite shield
rNeg    . . .        K - +3 robe of Clouds {*Thunder rCloud rElec}
rPois   +            (helmet restricted)
rElec   +            d - +0 cloak of Cinugg {rC- Regen+ Str+3 Int+7}
rCorr   +            (gloves unavailable)
SInv    +            (boots unavailable)
Will    .....        k - amulet of regeneration
Stlth   +            x - ring of see invisible
HPRegen 2.78/turn    q - +4 ring of protection
MPRegen 0.12/turn

%: no passive effects
@: resistant, serpent's lash
A: large, unfitting armour, claws 3, regeneration 1, shaggy fur 1, tough skin 1,
large bone plates 1, agile 1, low MP 1
a: Renounce Religion, Wall Jump, Serpent's Lash


You were on level 12 of the Dungeon.
You worshipped Wu Jian.
Wu Jian was greatly pleased with you.
You visited 2 branches of the dungeon, and saw 13 of its levels.

You collected 709 gold pieces.

Inventory:

Hand Weapons
 Q - a +5 spear
 S - a +6 mace
 T - the +1 quarterstaff "Killer Klown's Death" {heavy, rF+ Dex+3}
   (You found it on level 10 of the Dungeon)

   Dex:       It affects your dexterity (+3).
   rF:        It protects you from fire.
Missiles
 f - 24 poisoned darts (quivered)
 i - 2 atropa-tipped darts
 l - 11 javelins
 R - a curare-tipped dart
Armour
 a - a +0 robe
 b - a +1 kite shield (worn)
 d - the +0 cloak of Cinugg (worn) {rC- Regen+ Str+3 Int+7}
   (You acquired it on level 3 of the Dungeon)

   Str:       It affects your strength (+3).
   Int:       It affects your intelligence (+7).
   rC:        It makes you vulnerable to cold.
   Regen:     It increases your rate of health regeneration.
 y - a scarf of invisibility
 K - the +3 robe of Clouds (worn) {*Thunder rCloud rElec}
   (You found it on level 9 of the Dungeon)

   *Thunder:  It occasionally creates storm clouds above nearby enemies.
   rCloud:    It grants its wearer immunity to clouds.
   rElec:     It insulates you from electricity.
Jewellery
 k - an amulet of regeneration (around neck)
 o - a ring of fire
 q - a +4 ring of protection (right claw)
 t - an amulet of reflection
 u - a ring of magical power
 x - a ring of see invisible (left claw)
 O - an amulet of magic regeneration
 U - a ring of magical power
Wands
 E - a wand of mindburst (11)
 F - a wand of flame (21)
 H - a wand of quicksilver (10)
 N - a wand of polymorph (4)
Scrolls
 j - 2 scrolls of enchant armour
 n - a scroll of magic mapping
 p - 3 scrolls of vulnerability
 v - a scroll of poison {unknown}
 w - 7 scrolls of teleportation
 A - 3 scrolls of fog
 C - a scroll of amnesia {unknown}
 G - a scroll of blinking {unknown}
 I - 2 scrolls of enchant weapon {unknown}
 J - a scroll of noise {unknown}
 W - a scroll of fear
 Y - a scroll of butterflies {unknown}
Potions
 c - 4 potions of might
 e - 3 potions of resistance
 g - 6 potions of brilliance
 h - a potion of mutation
 m - 2 potions of magic
 r - 9 potions of curing
 s - a potion of attraction
 z - a potion of invisibility
 B - a potion of degeneration
 D - 2 potions of cancellation
 M - 2 potions of flight
 P - a potion of haste
 V - a potion of berserk rage
 X - a potion of lignification {unknown}


   Skills:
 + Level 7.6 Fighting
 - Level 1.2 Armour
 + Level 5.6 Dodging
 + Level 8.4 Shields
 * Level 12.3 Unarmed Combat
 - Level 0.9 Spellcasting


You had 11 spell levels left.
You didn't know any spells.
Your spell library contained the following spells:

 Spells                   Type           Power      Damage    Failure   Level
 Portal Projectile        Hex/Tloc       0%         N/A       83%         3
 Tukima's Dance           Hex            0%         N/A       83%         3
 Blade Hands              Tmut           0%         N/A       100%        5
 Iskenderun's Battlesphe  Conj           0%         2d6       100%        5
 Iron Shot                Conj/Erth      0%         9d1       100%        6
 Spellforged Servitor     Conj/Summ      0%         N/A       100%        7


Dungeon Overview and Level Annotations

Branches:
Dungeon (12/15)            Temple (1/1) D:5            Lair (0/5) D:8
    Orc (0/2) D:9

Altars:
Ashenzari
Cheibriados
Dithmenos
Elyvilon
Fedhas
Gozag
Hepliaklqana
Kikubaaqudgha
Makhleb
Nemelex Xobeh
Okawaru
Qazlal
Ru
Sif Muna
Trog
Uskayaw
Vehumet
Wu Jian
Xom
Yredelemnul
Zin
The Shining One

Shops:
D:2 (   D:3 [


Innate Abilities, Weirdness & Mutations

You are too large for most types of armour.
You have claws for hands.
Your natural rate of healing is unusually fast.
You are covered in fur. (AC +1)
You have tough skin. (AC +1)
You are partially covered in large bone plates. (SH +4)
You are agile. (Dex +4, Str/Int -1)
Your magical capacity is low. (-10% MP)


Message History

You block the ettin's attack.
The ettin hits you with a +0 dire flail!!
* * * LOW HITPOINT WARNING * * *
You feel much better.
The ettin hits you with a +0 dire flail.
The ettin closely misses you.
Attack: -) Claws
Press: ? - help, Dir - move target, f/p - ettin
Aim: an ettin, wielding two +0 dire flails (severely wounded, about 14% to evade your claws)
You barely miss the ettin.
The ettin is severely wounded.
The ettin hits you with a +0 dire flail!!
* * * LOW HITPOINT WARNING * * *
You block the ettin's attack.
You feel better.
The ettin hits you with a +0 dire flail.
* * * LOW HITPOINT WARNING * * *
You block the ettin's attack.
You feel better. You block the ettin's attack.
The ettin hits you with a +0 dire flail!!
* * * LOW HITPOINT WARNING * * *
Your muscles tense, ready for explosive movement...
Attack: -) Claws
Press: ? - help, Dir - move target, f/p - ettin
Aim: an ettin, wielding two +0 dire flails (severely wounded, about 14% to evade your claws)
You completely miss the ettin.
The ettin is severely wounded.
A deep elf pyromancer comes into view. It is wielding a +0 long sword.
You block the ettin's attack.
The ettin hits you with a +0 dire flail!
* * * LOW HITPOINT WARNING * * *
The manticore flicks its tail.
You block the volley of spikes.
Attack: -) Claws
Press: ? - help, Dir - move target, f/p - ettin
Aim: an ettin, wielding two +0 dire flails (severely wounded, about 14% to evade your claws)
You scratch the ettin.
The ettin is severely wounded.
The ettin hits you with a +0 dire flail!
You die...

#+#
#########....
#............
#............
#........#
#....#####
#....##### ..
+...C@...+ ...#
#..).#####
#....#.......#
#...e.......#
##?##H#......#
.. .(.+......#
##.#..#......##
#..(..#.........
.
##..#.#######.#


You could see an ettin, a manticore and a deep elf pyromancer.

Vanquished Creatures
  A two-headed ogre (D:10)
  Amaemon (D:8)
  A deep elf pyromancer (D:12)
  An ugly thing (D:10)
  2 manticores
  A cyclops (D:10)
  A gargoyle (D:11)
  An orange demon (D:8)
  2 trolls
  4 slime creatures (D:9)
  Sigmund (D:3)
  2 shadows (D:9)
  A vampire (D:8)
  3 wraiths
  3 vampire mosquitoes (D:10)
  Menkaure (D:7)
  An acid dragon (D:8)
  A warg (D:9)
  A water moccasin (D:7)
  5 orc warriors
  2 black bears (D:5)
  2 ice beasts
  2 sky beasts (D:8)
  2 ogres
  2 centaurs
  A phantom (D:4)
  A kobold brigand (D:9)
  2 bullfrogs
  3 scorpions
  A gnoll sergeant (D:9)
  A water moccasin zombie (D:6)
  A wyvern skeleton (D:6)
  13 wights
  14 killer bees
  4 howler monkeys
  A centaur zombie (D:6)
  3 hounds
  2 jellies
  2 gnoll boudas
  11 orc priests
  4 iguanas
  2 sleepcaps (D:6)
  9 orc wizards
  4 ogre zombies (D:5)
  13 gnolls
  9 adders
  2 shadow imps
  A white imp (D:5)
  2 ufetubi
  3 worms
  2 dart slugs
  43 orcs
  7 bats
  11 endoplasms
  4 giant cockroaches
  5 goblins
  11 hobgoblins
  12 jackals
  4 quokkas
  6 ball pythons
  4 frilled lizards
  15 kobolds
  7 rats
284 creatures vanquished.

Notes
Turn   | Place    | Note
-------+----------+-------------------------------------------
     0 | D:1      | Danienth the Troll Fighter began the quest for the Orb.
     0 | D:1      | Reached XP level 1. HP: 22/22 MP: 0/0
    74 | D:1      | Reached XP level 2. HP: 25/29 MP: 1/1
   425 | D:1      | Found a faded altar of an unknown god.
   464 | D:1      | Reached XP level 3. HP: 35/36 MP: 2/2
   647 | D:1      | Reached skill level 3 in Unarmed Combat
  1138 | D:2      | Found Suddunaro's Weapon Shop.
  1249 | D:2      | Reached XP level 4. HP: 44/44 MP: 3/3
  2287 | D:3      | Identified a scroll of acquirement
  2287 | D:3      | Acquired the +0 cloak of Cinugg {rC- Regen+ Str+3 Int+7}
  2424 | D:3      | Found Car Bine's Antique Armour Shoppe.
  2480 | D:3      | Noticed Sigmund
  2492 | D:3      | Reached XP level 5. HP: 42/53 MP: 4/4
  2497 | D:3      | Killed Sigmund
  2498 | D:3      | Reached skill level 4 in Unarmed Combat
  2498 | D:3      | Reached XP level 6. HP: 28/61 MP: 5/5
  3327 | D:4      | Reached skill level 5 in Unarmed Combat
  3582 | D:4      | Reached XP level 7. HP: 68/68 MP: 6/6
  3593 | D:4      | Found a radiant altar of Vehumet.
  4019 | D:5      | Entered Level 5 of the Dungeon
  4033 | D:5      | Reached skill level 6 in Unarmed Combat
  4293 | D:5      | Found a transporter.
  4360 | D:5      | Found a staircase to the Ecumenical Temple.
  4369 | Temple   | Entered the Ecumenical Temple
  4630 | Temple   | Became a worshipper of the Wu Jian Council
  4833 | D:5      | Reached XP level 8. HP: 79/79 MP: 7/7
  4876 | D:5      | Reached skill level 5 in Shields
  4906 | D:5      | Reached skill level 7 in Unarmed Combat
  5061 | D:5      | Found a transporter.
  5435 | D:5      | Reached * piety under Wu Jian
  5436 | D:5      | Reached skill level 5 in Fighting
  5575 | D:6      | Reached skill level 8 in Unarmed Combat
  5753 | D:6      | Reached XP level 9. HP: 87/88 MP: 8/8
  6034 | D:7      | Noticed Menkaure
  6041 | D:7      | Killed Menkaure
  6047 | D:7      | Reached skill level 9 in Unarmed Combat
  6200 | D:7      | Found a shadowy altar of Dithmenos.
  6214 | D:7      | Identified the +1 helmet of the Forsaken Hells {rC+ Int+6}
  6388 | D:7      | Reached ** piety under Wu Jian
  6389 | D:7      | Reached skill level 1 in Armour
  6776 | D:8      | Found a staircase to the Lair.
  7264 | D:8      | Noticed Amaemon
  7270 | D:8      | Noticed an orange demon
  7282 | D:8      | Killed Amaemon
  7283 | D:8      | Reached skill level 10 in Unarmed Combat
  7283 | D:8      | Reached XP level 10. HP: 80/100 MP: 10/10
  7290 | D:8      | Killed an orange demon
  7799 | D:9      | Found the +3 robe of Clouds {*Thunder rCloud rElec}
  7834 | D:9      | Reached *** piety under Wu Jian
  8154 | D:9      | Reached skill level 11 in Unarmed Combat
  8173 | D:9      | Found a staircase to the Orcish Mines.
  8434 | D:10     | Entered Level 10 of the Dungeon
  8434 | D:10     | Noticed a two-headed ogre
  8444 | D:10     | Killed a two-headed ogre
  8501 | D:10     | Reached skill level 5 in Dodging
  8501 | D:10     | Reached XP level 11. HP: 107/109 MP: 11/11
  8506 | D:10     | Reached **** piety under Wu Jian
  8507 | D:10     | Noticed a red ugly thing
  8521 | D:10     | Killed a red ugly thing
  8792 | D:10     | Identified the +1 quarterstaff "Killer Klown's Death"
                  | {heavy, rF+ Dex+3}
  9533 | D:11     | Gained mutation: Your magical capacity is low. (-10% MP)
                  | [potion of mutation]
  9533 | D:11     | Gained mutation: You are partially covered in large bone
                  | plates. (SH +4) [potion of mutation]
  9533 | D:11     | Gained mutation: You are agile. (Dex +4, Str/Int -1)
                  | [potion of mutation]
  9600 | D:11     | Reached skill level 12 in Unarmed Combat
 10346 | D:12     | Noticed a deep elf pyromancer
 10357 | D:12     | Noticed an ettin
 10358 | D:12     | Killed a deep elf pyromancer
 10372 | D:12     | Noticed a deep elf pyromancer
 10373 | D:12     | Slain by an ettin

Illustrated notes

Levels and vault maps discovered:
D:1:      lemuel_arrival_behind_the_door_small, layout_basic,
          hellmonk_ecumenical_altar_leap_of_faith, serial_bayou_crossing
D:2:      layout_basic, serial_shops, nicolae_lakefront_shop
D:3:      layout_loops_ring, serial_shops, shop, grunt_decor_mini_mirrors,
          minivault_24, chequers_serial_rivers_large_a, serial_bayou_lagoon_a,
          chequers_serial_rivers_micro_c, uniq_sigmund
D:4:      layout_loops_cross, vehumet_crystals, minivault_27
D:5:      gammafunk_cloud_chamber, layout_basic, minmay_temple_entry_waves,
          minmay_puff
D:6:      layout_cave_pools, serial_undead, serial_undead_d, serial_undead_b,
          serial_undead_c, serial_undead_e, serial_bayou_pond_c, sigmund_army
D:7:      layout_basic, nicolae_dithmenos_the_darkroom, uniq_menkaure
D:8:      layout_cave_pools, dpeg_oklobed_lair, nzn_life_drinkers, uniq_amaemon
D:9:      layout_loops_ring, erik_orc_3
D:10:     minmay_curly_fans, layout_stronghold, minivault_19
D:11:     layout_basic
D:12:     minmay_chopped_fan, layout_basic
Temple:   mainiacjoe_temple_cubbyholes

Skill      XL: |  1  2  3  4  5  6  7  8  9 10 11 |
---------------+----------------------------------+-----
Shields        | 3 4 6 7 8 |  8.4
Unarmed Combat | 3 4 5 6 8 10 11 12 | 12.3
Fighting       | 3 4 5 6 7 |  7.6
Armour         | 1 |  1.2
Dodging        | 3 5 |  5.6
Spellcasting   | |  0.9

Action                     |  1- 3 |  4- 6 |  7- 9 | 10-12 || total
---------------------------+-------+-------+-------+-------++-------
  Melee: Unarmed           |   131 |   144 |   345 |   236 ||   856
  Throw: Javelin           |       |       |     3 |     3 ||     6
         Dart              |       |       |       |     8 ||     8
 Invoke: Serpent's Lash    |       |       |       |     1 ||     1
Ability: Lunge             |       |       |    16 |    13 ||    29
    Use: Scroll            |       |     9 |     6 |     7 ||    22
         Potion            |       |       |     4 |    10 ||    14
   Stab: Sleeping          |     1 |     2 |     1 |       ||     4
 Armour: Robe              |    57 |    36 |    86 |    62 ||   241
  Dodge: Dodged            |    49 |    48 |   106 |    72 ||   275
  Block: Kite shield       |    50 |    59 |   122 |   112 ||   343
